Map: Newkirk Precinct TE (Void)

Players

Azure

  • Race: Terran Terran
  • League: Grandmaster
  • Spawn Location: 5:00

NORTHAMERICA - Winner!

  • Race: Protoss Protoss
  • League: Grandmaster
  • Spawn Location: 7:00

VOD

Have the link to the VOD?

Description

Time

  • Played on: March 22, 2017, 2:36 a.m.
  • Length: 11:02
Show
View Real Time Build Order
Export as new Build Order

Azure Terran 

Build Orders: Liberator Opening, MMM Bio 

Get SALT Encoding   

  12  0:00  SCV  
  13  0:13  SCV  
  14  0:18  Supply Depot  
  14  0:25  SCV  
  15  0:29  Refinery  
  15  0:40  SCV  
  16  0:45  Barracks  
  16  0:52  SCV  
  18  1:04  SCV  
  18  1:16  SCV  
  19  1:32  Orbital Command, Reaper  
  20  1:44  Command Center  
  20  1:54  Factory  
  20  1:58  SCV  
  21  2:05  Refinery  
  21  2:08  Barracks Reactor  
  21  2:12  SCV  
  22  2:16  Supply Depot  
  22  2:24  SCV  
  23  2:38  SCV  
  23  2:39  Widow Mine  
  23  2:43  Starport  
  26  2:44  Marine x2  
  26  2:51  SCV  
  29  2:56  Orbital Command  
  29  3:02  Marine x2  
  29  3:04  SCV  
  34  3:15  Cyclone  
  34  3:19  SCV  
  36  3:20  Medivac  
  36  3:23  SCV  
  39  3:27  Supply Depot  
  39  3:31  Marine  
  39  3:33  SCV  
  41  3:36  Liberator, SCV  
  42  3:43  Marine  
  42  3:45  SCV  
  42  3:46  Widow Mine  
  46  3:49  Marine  
  46  3:51  SCV  
  51  3:59  Supply Depot  
  51  4:00  Barracks  
  51  4:07  SCV  
  51  4:08  SCV  
  53  4:10  Marine  
  54  4:18  Supply Depot  
  54  4:21  Marine, Factory Tech Lab, SCV  
  54  4:23  Barracks  
  56  4:26  SCV  
  56  4:28  Supply Depot  
  57  4:33  SCV  
  57  4:37  Marine  
  58  4:38  Marine, SCV  
  58  4:45  SCV  
  56  4:50  SCV  
  56  4:51  Barracks Tech Lab  
  56  4:52  Siege Tank  
  57  4:56  Marine x2  
  57  4:57  SCV  
  60  5:02  SCV  
  59  5:09  SCV  
  59  5:10  Refinery  
  59  5:12  Engineering Bay, Supply Depot, Stimpack, Marine  
  61  5:14  Starport Reactor, Marine x2, SCV  
  61  5:16  Supply Depot  
  64  5:21  SCV  
  64  5:26  SCV  
  66  5:33  SCV  
  66  5:35  Marine x2  
  67  5:36  Marauder  
  67  5:39  SCV  
  67  5:41  Factory Reactor  
  68  5:48  Marauder  
  70  5:51  Terran Infantry Weapons Level 1  
  70  5:52  Supply Depot, Command Center  
  70  5:53  Marine x2  
  70  5:56  Combat Shields  
  72  5:57  Marauder  
  72  6:00  Medivac  
  76  6:05  Refinery  
  76  6:06  Supply Depot  
  76  6:09  Marine  
  76  6:10  Medivac  
  76  6:11  Marine  
  79  6:18  Supply Depot  
  80  6:19  Marine, Missile Turret  
  80  6:20  Widow Mine, Marauder  
  80  6:23  Widow Mine  
  87  6:32  Marine, Marauder  
  90  6:37  Marine  
  91  6:42  Marauder  
  91  6:43  Medivac  
  95  6:50  Widow Mine  
  95  6:51  Supply Depot, Barracks  
  95  6:53  Marine x2, Barracks  
  99  7:00  SCV  
  100  7:02  SCV  
  100  7:05  Medivac  
  103  7:13  Medivac  
  105  7:17  Marine x2  
  105  7:18  Marauder x2  
  105  7:19  SCV  
  83  7:35  Medivac, Marine x2  
  83  7:36  Orbital Command  
  87  7:42  Medivac  
  87  7:46  Barracks Reactor, Barracks Tech Lab  
  87  7:47  Marine, Liberator  
  87  7:50  SCV  
  89  7:53  Marauder  
  89  7:54  Marine x2  
  96  8:06  Marauder x2  
  96  8:11  Marine x2  
  100  8:13  Widow Mine x2, SCV  
  100  8:15  Marauder  
  107  8:21  Orbital Command  
  107  8:23  Marine  
  107  8:26  Marine  
  106  8:28  Liberator, Marauder  
  106  8:33  Marine x2  
  107  8:36  Marauder  
  107  8:38  Terran Infantry Armor Level 1  
  109  8:41  Widow Mine x2, SCV  
  109  8:47  SCV x2  
  119  8:53  Marauder  
  119  8:54  SCV  
  122  8:56  Marauder  
  122  9:02  Supply Depot  
  124  9:03  Marine x3, Marauder  
  124  9:05  Concussive Shells  
  124  9:08  SCV x3  
  132  9:20  Supply Depot  
  132  9:23  Widow Mine x2  
  134  9:24  Marauder  
  134  9:25  Armory  
  134  9:26  Engineering Bay  
  135  9:43  Marine x3, Marauder  
  140  9:49  Liberator x2  
  140  9:55  Marine x2  
  140  9:56  Marauder  
  126  10:01  Widow Mine x2, Marine x3  
  126  10:05  Marauder  
  141  10:13  Marine  
  141  10:14  Marauder  
  144  10:17  Marine  
  144  10:18  Marine  
  143  10:26  Marauder  
  131  10:29  Marine x2  
  131  10:31  Marine  
  131  10:35  Marauder x2  
  115  10:36  Marine  
Show
View Real Time Build Order
Export as new Build Order

NORTHAMERICA Protoss - Winner!

Build Orders: 1 Gate Expand, Blink Stalkers 

Get SALT Encoding   

  12  0:01  Probe (Chrono Boost)  
  13  0:11  Probe (Chrono Boost)  
  14  0:18  Pylon  
  14  0:22  Probe (Chrono Boost)  
  15  0:36  Probe (Chrono Boost)  
  15  0:37  Gateway  
  16  0:47  Probe (Chrono Boost), Assimilator  
  17  0:57  Probe (Chrono Boost)  
  18  1:08  Probe (Chrono Boost)  
  19  1:21  Nexus  
  19  1:32  Cybernetics Core  
  19  1:35  Probe (Chrono Boost)  
  20  1:43  Assimilator  
  20  1:46  Probe (Chrono Boost)  
  21  1:55  Pylon  
  21  1:56  Probe (Chrono Boost)  
  22  2:07  Probe (Chrono Boost)  
  23  2:13  Adept  
  25  2:18  Mothership Core (Chrono Boost)  
  25  2:19  Warp Gate  
  27  2:33  Probe (Chrono Boost)  
  27  2:36  Probe (Chrono Boost)  
  29  2:43  Twilight Council  
  30  2:44  Probe (Chrono Boost)  
  30  2:46  Probe (Chrono Boost)  
  31  2:55  Probe (Chrono Boost)  
  31  2:57  Probe (Chrono Boost)  
  33  3:05  Probe (Chrono Boost)  
  34  3:06  Robotics Facility  
  34  3:08  Probe (Chrono Boost)  
  35  3:16  Probe (Chrono Boost)  
  35  3:18  Probe (Chrono Boost)  
  37  3:24  Blink  
  37  3:31  Gateway, Probe (Chrono Boost)  
  37  3:32  Gateway  
  37  3:33  Probe (Chrono Boost)  
  39  3:42  Probe (Chrono Boost)  
  39  3:44  Probe (Chrono Boost)  
  39  3:47  Pylon  
  41  3:51  Observer  
  41  3:52  Pylon  
  43  3:55  Probe (Chrono Boost)  
  43  3:58  Probe (Chrono Boost)  
  44  4:07  Probe (Chrono Boost)  
  44  4:08  Pylon  
  46  4:10  Probe (Chrono Boost)  
  46  4:12  Observer, Assimilator  
  47  4:18  Probe (Chrono Boost)  
  47  4:22  Probe (Chrono Boost)  
  49  4:27  Stalker x3  
  49  4:29  Probe (Chrono Boost)  
  56  4:32  Assimilator  
  56  4:35  Probe (Chrono Boost)  
  55  4:39  Probe (Chrono Boost)  
  57  4:47  Probe (Chrono Boost)  
  57  4:50  Probe (Chrono Boost)  
  53  4:57  Stalker x3  
  53  4:59  Probe (Chrono Boost)  
  60  5:00  Probe (Chrono Boost)  
  61  5:11  Gateway, Probe x2 (Chrono Boost)  
  61  5:14  Gateway  
  63  5:19  Robotics Bay  
  63  5:23  Probe (Chrono Boost)  
  63  5:26  Pylon, Probe (Chrono Boost)  
  65  5:34  Probe (Chrono Boost)  
  64  5:36  Stalker x3  
  64  5:40  Probe (Chrono Boost)  
  69  5:45  Probe (Chrono Boost)  
  70  6:01  Disruptor  
  70  6:08  Nexus  
  70  6:09  Pylon  
  73  6:15  Pylon, Sentry  
  75  6:26  Resonating Glaives  
  75  6:28  Forge, Adept x2  
  75  6:31  Forge  
  79  6:32  Disruptor  
  79  6:39  Probe (Chrono Boost)  
  83  6:46  Adept x3  
  89  6:53  Pylon  
  89  6:58  Stalker x2  
  93  7:06  Disruptor  
  92  7:15  Adept x3  
  101  7:18  Protoss Ground Weapons Level 1, Protoss Ground Armor Level 1  
  99  7:27  Adept x2  
  95  7:34  Probe (Chrono Boost)  
  96  7:43  Disruptor, Probe (Chrono Boost)  
  97  7:50  Gateway  
  100  7:54  Pylon  
  100  7:55  Gateway  
  98  8:00  Stalker  
  98  8:01  Stalker x2  
  101  8:11  Probe (Chrono Boost)  
  99  8:14  Disruptor  
  99  8:16  Stalker  
  99  8:17  Stalker  
  106  8:25  Probe (Chrono Boost)  
  105  8:28  Probe (Chrono Boost)  
  105  8:30  Probe (Chrono Boost)  
  104  8:36  Stalker x2  
  104  8:37  Pylon  
  104  8:39  Pylon  
  106  8:45  Adept x2  
  106  8:46  Adept  
  113  8:50  Probe (Chrono Boost)  
  113  8:56  Disruptor  
  113  8:58  Probe (Chrono Boost)  
  117  9:05  Pylon  
  117  9:09  Assimilator  
  117  9:11  Pylon  
  117  9:12  Adept  
  117  9:13  Adept x3, Assimilator  
  117  9:15  Stalker  
  127  9:29  Probe (Chrono Boost)  
  128  9:32  Adept x2  
  132  9:40  Stalker x3  
  132  9:44  Probe (Chrono Boost)  
  139  9:58  Disruptor  
  139  9:59  Adept x2  
  138  10:00  Adept x2  
  145  10:07  Stalker x2  
  145  10:10  Stalker  
  124  10:36  Adept x7  
  131  10:58  Stalker x4  
  131  10:59  Stalker x3  
Tags
 
Add a new tag
Caveats
  • Supply blocks, unpowered buildings, or Contaminate may cause inaccurate times.
  • Supply counts are checked every 10 seconds.